[Event "Team 45 45 League T74"]
[Site "Internet Chess Club"]
[Date "2017.10.09"]
[Round "4"]
[White "Andressa"]
[Black "MartyJR"]
[Result "1/2-1/2"]
[WhiteElo "1435"]
[BlackElo "1458"]
[Opening "Sicilian: closed, 2...Nc6"]
[ECO "B23"]
[Time "21:23:16"]
[TimeControl "2700+45"]

1. e4 c5 2. Nc3 Nc6 3. Nf3 g6 4. Bc4 Bg7 5. O-O e6 6. a3 Nge7 7. d3 O-O 8. Bf4
d5 9. exd5 exd5 10. Ba2 Bg4 11. h3 Bf5 12. Re1 Re8 13. Rb1 a6 14. Qd2 Qd7 15.
Kh2 Nd4 16. Nxd4 Bxd4 17. Ne2 Bg7 18. Ng3 Be6 19. Qa5 Qc6 20. Qc7 Bd4 21. Qxc6
Nxc6 22. Be3 Rac8 23. c3 Bxe3 24. fxe3 Ne5 25. Rbd1 c4 26. dxc4 Nxc4 27. Bxc4
dxc4 28. Rd4 Rc5 29. Ne4 Rf5 30. Nd6 Rf8 31. Nxf5 Bxf5 32. Rxc4 Re8 33. b4 Bd3
34. Rd4 Bb5 35. c4 Bc6 36. c5 Re5 37. Rf4 Rd5 38. e4 Rd2 39. Ref1 f5 40. Kg3
Bxe4 {Game drawn by mutual agreement} 1/2-1/2

[Event "Team 45 45 League T74"]
[Site "Internet Chess Club"]
[Date "2017.10.09"]
[Round "4"]
[White "Fianchettoed"]
[Black "cityprosecutor"]
[Result "1-0"]
[WhiteElo "1791"]
[BlackElo "1670"]
[Opening "Benkö gambit half accepted"]
[ECO "A57"]
[Time "18:34:06"]
[TimeControl "2700+45"]

1. d4 Nf6 2. c4 c5 3. d5 b5 4. cxb5 a6 5. b6 g6 6. Nc3 d6 7. e4 Bg7 8. Nf3 Kf8
9. Be2 Nbd7 10. O-O h5 11. a4 Nxb6 12. a5 Nbd7 13. Nd2 Ng4 14. Bxg4 hxg4 15.
Qxg4 Ne5 16. Qe2 e6 17. f4 Qh4 18. g3 Qh3 19. fxe5 Bxe5 20. Nf3 Bxg3 21. Ng5
Bxh2+ 22. Kh1 Qg3 23. Rxf7+ Ke8 24. Qg2 Qe1+ 25. Rf1 Bf4+ 26. Kg1 Be3+ 27. Bxe3
Qxe3+ 28. Rf2 exd5 29. Nxd5 Qd4 30. Qf3 Rb8 31. Qf7+ Kd8 32. Qe7# {Black
checkmated} 1-0

[Event "Team 45 45 League T74"]
[Site "Internet Chess Club"]
[Date "2017.10.06"]
[Round "4"]
[White "Hal2001"]
[Black "Zugzwanged"]
[Result "0-1"]
[WhiteElo "1551"]
[BlackElo "1705"]
[Opening "French defense"]
[ECO "C00"]
[Time "11:47:01"]
[TimeControl "2700+45"]

1. e4 e6 2. Nc3 c5 3. f4 Nc6 4. Nf3 d5 5. Bb5 Ne7 6. e5 Bd7 7. O-O Nf5 8. d3 Be7
9. Bxc6 Bxc6 10. Qe1 h5 11. Ng5 Nd4 12. Qf2 f6 13. Nf3 Nxf3+ 14. Qxf3 d4 15. Ne4
f5 16. Qg3 fxe4 17. Qxg7 Kd7 18. f5 Qg8 19. Qxg8 Raxg8 20. f6 Bf8 21. dxe4 Bxe4
22. Rf2 h4 23. Bf4 Bh6 24. f7 Rf8 25. Bxh6 Rxh6 26. g3 hxg3 {White resigns} 0-1

[Event "Team 45 45 League T74"]
[Site "Internet Chess Club"]
[Date "2017.10.09"]
[Round "4"]
[White "bookseller"]
[Black "elessar"]
[Result "1-0"]
[WhiteElo "1699"]
[BlackElo "1591"]
[Opening "Bishop's opening: Berlin defense"]
[ECO "C24"]
[Time "13:00:37"]
[TimeControl "2700+45"]

1. e4 e5 2. Bc4 Nf6 3. d3 Nc6 4. Nc3 Bb4 5. Ne2 Na5 6. O-O Bxc3 7. Nxc3 Nxc4 8.
dxc4 h6 9. f4 exf4 10. e5 Nh7 11. Bxf4 Ng5 12. h4 Ne6 13. Qg4 Nxf4 14. Qxg7 Rf8
15. Rxf4 c6 16. Ne4 Qe7 17. Nd6+ Kd8 18. Nf5 Qc5+ 19. Kh1 Kc7 20. Nd6 Rd8 21.
Raf1 b5 22. cxb5 Kb6 23. Rc4 Qd5 24. Qf6 Rg8 25. Qf2+ Kc7 26. bxc6 Ba6 27. Rc5
Bxf1 28. Rxd5 Bxg2+ 29. Qxg2 dxc6 30. Qf2 cxd5 31. Qxf7+ Kc6 32. Qb7+ Kc5 33.
Qb5+ Kd4 34. e6 Ke5 35. Qd7 Raf8 36. Nf7+ Kf4 37. e7 Rb8 38. Qd6+ Kf3 39. Qxd5+
Kf2 40. Qd4+ Ke2 41. Qe4+ Kf2 42. Qf4+ Ke2 43. Qxb8 Rxb8 44. Nd6 Kd2 45. c4 Kc2
46. e8=Q Rxe8 47. Nxe8 Kxb2 48. c5 {Black resigns} 1-0

[Event "Team 45 45 League T74"]
[Site "Internet Chess Club"]
[Date "2017.10.08"]
[Round "4"]
[White "cool64chess"]
[Black "kllrchris"]
[Result "1/2-1/2"]
[WhiteElo "1955"]
[BlackElo "1663"]
[Opening "King's Indian: Sämisch, 5...O-O"]
[ECO "E81"]
[Time "21:40:20"]
[TimeControl "2700+45"]

1. d4 Nf6 2. c4 g6 3. Nc3 Bg7 4. e4 d6 5. f3 O-O 6. Be3 c5 7. Nge2 Nc6 8. d5 Ne5
9. Ng3 e6 10. Be2 exd5 11. cxd5 a6 12. a4 Bd7 13. O-O b5 {Game drawn by mutual
agreement} 1/2-1/2

[Event "Team 45 45 League T74"]
[Site "Internet Chess Club"]
[Date "2017.10.08"]
[Round "4"]
[White "WillC"]
[Black "y3LL3r"]
[Result "1-0"]
[WhiteElo "1677"]
[BlackElo "1555"]
[Opening "Queen's pawn game, Darooha variation "]
[ECO "D02"]
[Time "15:01:18"]
[TimeControl "2700+45"]

1. d4 Nf6 2. Nf3 d5 3. g3 e6 4. Bg2 Be7 5. O-O O-O 6. b3 b6 7. Bb2 Nbd7 8. Nbd2
c5 9. dxc5 bxc5 10. c4 Bb7 11. Qc2 d4 12. e3 e5 13. exd4 cxd4 14. Rfe1 Qc7 15.
Bxd4 Bd6 16. Bb2 Rfe8 17. Rad1 h6 18. Nh4 Bxg2 19. Nxg2 a5 20. a3 Bf8 21. Ne3
Nc5 22. b4 axb4 23. axb4 Na4 24. b5 Nc5 25. Ra1 Nfd7 26. Rxa8 Rxa8 27. Ra1 Re8
28. Nd5 Qd8 29. Ne4 Nxe4 30. Qxe4 Nc5 31. Qe3 Qd7 32. Bc3 e4 33. Bd4 Nd3 34. b6
Qc6 35. Nc7 Rc8 36. Rb1 Bc5 37. Na6 Bxd4 38. Qxd4 Qb7 39. Nb4 Nc5 40. Nd5 f5 41.
Qe5 Rf8 42. Qe7 Qxe7 43. Nxe7+ Kh7 44. Rb5 Nb7 45. c5 Rf7 46. Nd5 Kg8 47. c6 Nd6
48. Ra5 Nc4 49. Ra8+ Rf8 50. Rxf8+ Kxf8 51. b7 {Black resigns} 1-0

[Event "Team 45 45 League T74"]
[Site "Internet Chess Club"]
[Date "2017.10.06"]
[Round "4"]
[White "kanishka"]
[Black "Mitochondria"]
[Result "1-0"]
[WhiteElo "1658"]
[BlackElo "1572"]
[Opening "Sicilian: closed"]
[ECO "B23"]
[Time "07:00:21"]
[TimeControl "2700+45"]

1. e4 c5 2. Nc3 d6 3. g3 Nf6 4. Bg2 Nc6 5. d3 Qc7 6. f4 g6 7. Nf3 Bg7 8. O-O O-O
9. h3 a6 10. g4 Rb8 11. Ne2 b6 12. c3 Bb7 13. Be3 Nd7 14. f5 Nce5 15. Qd2 Nxf3+
16. Bxf3 Ne5 17. Bg2 Rfd8 18. Nf4 b5 19. fxg6 hxg6 20. Rac1 Qd7 21. b3 c4 22. d4
Nc6 23. Ne2 Na5 24. b4 Nc6 25. Bh6 e6 26. Bxg7 Kxg7 27. Qf4 e5 28. Qf6+ Kg8 29.
d5 Na7 30. Rf2 Rf8 31. Rcf1 Rbc8 32. Kh2 Rc7 33. Kg3 Qe7 34. h4 Nc8 35. h5 Qxf6
36. Rxf6 Ne7 37. Rxd6 gxh5 38. gxh5 f5 39. Re6 f4+ 40. Kh4 Nc8 41. Rxe5 Rcf7 42.
Bf3 Nd6 43. Rg1+ Kh7 44. Rg6 Ne8 45. Nd4 Rg8 46. Rxg8 Kxg8 47. Rxe8+ {Black
resigns} 1-0

[Event "Team 45 45 League T74"]
[Site "Internet Chess Club"]
[Date "2017.10.07"]
[Round "4"]
[White "JohLeb"]
[Black "BrianWood"]
[Result "1/2-1/2"]
[WhiteElo "1565"]
[BlackElo "1591"]
[Opening "QGD semi-Slav"]
[ECO "D43"]
[Time "19:01:11"]
[TimeControl "2700+45"]

1. d4 d5 2. c4 e6 3. Nf3 Nf6 4. Nc3 c6 5. cxd5 exd5 6. Bf4 Bf5 7. e3 Nbd7 8. Bd3
Bxd3 9. Qxd3 Be7 10. O-O O-O 11. Rac1 Re8 12. Rfe1 Bb4 13. a3 Bxc3 14. bxc3 b5
15. Qc2 Ne4 16. Ne5 Nxe5 17. Bxe5 a5 18. f3 Nd6 19. Bxd6 Qxd6 20. Ra1 c5 21. Qd2
a4 {Game drawn by mutual agreement} 1/2-1/2

[Event "Team 45 45 League T74"]
[Site "Internet Chess Club"]
[Date "2017.10.12"]
[Round "4"]
[White "jonesey"]
[Black "SlimeDog2"]
[Result "0-1"]
[WhiteElo "1863"]
[BlackElo "2012"]
[Opening "Giuoco Piano"]
[ECO "C54"]
[Time "16:08:07"]
[TimeControl "2700+45"]

1. e4 e5 2. Nf3 Nc6 3. Bc4 Bc5 4. c3 Nf6 5. d3 O-O 6. Bb3 d6 7. Nbd2 Ne7 8. Nf1
Ng6 9. Ne3 c6 10. O-O d5 11. exd5 cxd5 12. d4 exd4 13. Nxd4 Re8 14. Nef5 Ne4 15.
Qh5 Re5 16. g4 Nf6 17. Qh3 Nxg4 18. Qxg4 Bxd4 19. Nh6+ gxh6 20. Qxd4 Bh3 21. f4
Re2 22. Rd1 Qh4 {White resigns} 0-1

[Event "Team 45 45 League T74"]
[Site "Internet Chess Club"]
[Date "2017.10.10"]
[Round "4"]
[White "cysk"]
[Black "fledermaus"]
[Result "1/2-1/2"]
[WhiteElo "1708"]
[BlackElo "1844"]
[Opening "Sicilian: closed"]
[ECO "B23"]
[Time "17:17:43"]
[TimeControl "2700+45"]

1. e4 c5 2. Nc3 e6 3. f4 d5 4. Nf3 dxe4 5. Nxe4 Nf6 6. Bb5+ Bd7 7. Bxd7+ Nbxd7
8. d3 Be7 9. O-O O-O 10. Qe2 Qc7 11. Bd2 Nd5 12. Nfg5 h6 13. Nh3 N7f6 14. c4 Nb4
15. Bc3 Qd8 16. Nhf2 Rc8 17. a3 Nc6 18. b4 {Game drawn by mutual agreement}
1/2-1/2

[Event "Team 45 45 League T74"]
[Site "Internet Chess Club"]
[Date "2017.10.08"]
[Round "4"]
[White "LookImYourVader"]
[Black "AVEMARIA"]
[Result "1-0"]
[WhiteElo "1784"]
[BlackElo "1592"]
[Opening "French defense, Steiner variation"]
[ECO "C00"]
[Time "14:00:55"]
[TimeControl "2700+45"]

1. e4 e6 2. c4 d5 3. cxd5 exd5 4. exd5 Nf6 5. Nc3 Nxd5 6. Bc4 Nb6 7. Be2 Be7 8.
Nf3 Nc6 9. d4 O-O 10. O-O Be6 11. Be3 Nb4 12. Qd2 N4d5 13. a3 Nxe3 14. fxe3 c6
15. Ne5 f6 16. Nf3 Nc4 17. Bxc4 Bxc4 18. Rfe1 Qc7 19. Rac1 Qd7 20. e4 Rad8 21.
d5 Qg4 22. Qd4 cxd5 23. Nxd5 Bxd5 24. exd5 Qxd4+ 25. Nxd4 Rf7 26. Nf5 Kf8 27. d6
Bxd6 28. Nxd6 Rfd7 29. Ne4 b6 30. Kf2 f5 31. Ng5 Rd2+ 32. Re2 Rxe2+ 33. Kxe2
Re8+ 34. Kf2 h6 35. Nf3 Re7 36. Rc6 {Black resigns} 1-0

[Event "Team 45 45 League T74"]
[Site "Internet Chess Club"]
[Date "2017.10.07"]
[Round "4"]
[White "passedpawn"]
[Black "LittleButton"]
[Result "1/2-1/2"]
[WhiteElo "1820"]
[BlackElo "1862"]
[Opening "Queen's pawn game"]
[ECO "A46"]
[Time "13:03:00"]
[TimeControl "2700+45"]

1. d4 Nf6 2. Nf3 e6 3. Bf4 c5 4. c3 cxd4 5. cxd4 Nc6 6. e3 d5 7. a3 Bd6 8. Bxd6
Qxd6 9. Nc3 O-O 10. Bd3 Bd7 11. O-O Rac8 12. Rc1 a6 13. Na4 Nxd4 14. Bxh7+ Nxh7
15. Qxd4 Bxa4 16. Qxa4 Nf6 17. Rc2 b5 18. Qb3 Rc5 19. Rfc1 Rfc8 20. h3 Ne4 21.
Rxc5 Rxc5 22. Qd1 Qc7 23. Rxc5 Qxc5 24. Nd2 Nxd2 {Game drawn by mutual
agreement} 1/2-1/2

[Event "Team 45 45 League T74"]
[Site "Internet Chess Club"]
[Date "2017.10.08"]
[Round "4"]
[White "ChessHouston"]
[Black "Ajolote"]
[Result "1-0"]
[WhiteElo "1684"]
[BlackElo "1762"]
[Opening "Sicilian defense"]
[ECO "B32"]
[Time "20:21:57"]
[TimeControl "2700+45"]

1. e4 c5 2. Nf3 Nc6 3. d4 cxd4 4. Nxd4 Qb6 5. Nb3 a6 6. Nc3 e6 7. Be3 Qc7 8. Be2
Nf6 9. a3 Be7 10. f4 d6 11. O-O b5 12. Qd3 Bb7 13. Bf3 O-O 14. g4 Rfd8 15. Rf2
Rac8 16. Rd1 Nd7 17. g5 Nf8 18. Qf1 Na5 19. Nxa5 Qxa5 20. f5 exf5 21. exf5 Bxf3
22. Rxf3 f6 23. Nd5 Re8 24. gxf6 Bxf6 25. Nxf6+ gxf6 26. Qg2+ Kh8 27. Rg3 Nd7
28. Kh1 Qc7 29. Bh6 Qc6 30. Bg7+ Kg8 31. Bxf6+ Kf8 32. Bc3 Qxg2+ 33. Rxg2 Rc6
34. Rdg1 Ne5 35. Rg8+ Ke7 36. R1g7+ Kf6 37. Rxe8 Kxg7 38. Re6 Rc5 39. Bd4 Rc7
40. Rxd6 {Black resigns} 1-0

[Event "Team 45 45 League T74"]
[Site "Internet Chess Club"]
[Date "2017.10.07"]
[Round "4"]
[White "Tobiasdelmonte"]
[Black "Beetlejuice"]
[Result "1-0"]
[WhiteElo "1680"]
[BlackElo "1761"]
[Opening "Dutch"]
[ECO "A80"]
[Time "09:00:39"]
[TimeControl "2700+45"]

1. d4 f5 2. Nc3 Nf6 3. Bg5 d5 4. Nf3 Be6 5. e3 Nbd7 6. Bd3 c6 7. O-O g6 8. b4
Ne4 9. Bxe4 fxe4 10. Nd2 Bg7 11. f3 exf3 12. Qxf3 Nf6 13. Ne2 O-O 14. Nf4 Bf5
15. c4 Ne4 16. Nxe4 Bxe4 17. Qe2 Qd7 18. cxd5 cxd5 19. Bh4 Rac8 20. Rac1 Rc7 21.
Rxc7 Qxc7 22. Ne6 Rxf1+ 23. Qxf1 Qd6 24. Nc5 b6 25. Bg3 Qc6 26. b5 Qc8 27. Nxe4
dxe4 28. Qb1 Qe6 29. Qb3 Kf7 30. Bb8 Qxb3 31. axb3 Ke6 32. Bxa7 Kd5 33. Bxb6 e5
34. Kf2 exd4 35. exd4 Bf6 36. Bc5 Bg5 37. g3 h5 38. b6 Kc6 39. d5+ Kb7 40. h4
Bd2 41. Ke2 Bc1 42. d6 Kc8 43. Be3 Ba3 44. Bf4 Bc5 45. d7+ Kxd7 46. b7 {Black
resigns} 1-0

[Event "Team 45 45 League T74"]
[Site "Internet Chess Club"]
[Date "2017.10.04"]
[Round "4"]
[White "bradleyguo175"]
[Black "fireball"]
[Result "1-0"]
[WhiteElo "1742"]
[BlackElo "1588"]
[Opening "Queen's pawn: Keres defense"]
[ECO "A40"]
[Time "19:44:47"]
[TimeControl "2700+45"]

1. d4 e6 2. c4 b6 3. Nf3 Bb7 4. Nc3 Bb4 5. Bg5 f6 6. Bd2 Ne7 7. e3 c5 8. Bd3 d5
9. cxd5 Nxd5 10. Bb5+ Nc6 11. Nxd5 Bxd2+ 12. Qxd2 Qxd5 13. O-O O-O 14. Rac1 cxd4
15. Bxc6 Bxc6 16. Qxd4 e5 17. Qc3 Rfc8 18. Rfd1 Qxa2 19. Nh4 Ba4 20. Qxc8+ Rxc8
21. Rxc8+ Kf7 22. Rc7+ Ke6 23. Rxa7 Qc4 24. Ra1 b5 25. Ra6+ Kd5 26. Nf5 g6 27.
Ne7+ Ke4 28. Rd6 Qc5 29. Rd7 Qb4 30. f3+ Kxe3 31. Nd5+ {Black resigns} 1-0

[Event "Team 45 45 League T74"]
[Site "Internet Chess Club"]
[Date "2017.10.09"]
[Round "4"]
[White "kutch"]
[Black "tuotuo123"]
[Result "1/2-1/2"]
[WhiteElo "1582"]
[BlackElo "1488"]
[Opening "Grünfeld: modern exchange variation"]
[ECO "D85"]
[Time "22:02:17"]
[TimeControl "2700+45"]

1. d4 Nf6 2. c4 g6 3. Nc3 d5 4. cxd5 Nxd5 5. e4 Nxc3 6. bxc3 Bg7 7. Nf3 c5 8.
Be3 O-O 9. Rc1 Qa5 10. Qd2 Rd8 11. d5 Nc6 12. c4 Qxd2+ 13. Nxd2 Nd4 14. Nb3 Nxb3
15. axb3 b6 16. f4 a5 17. Be2 a4 18. bxa4 Rxa4 19. Kf2 Rb4 20. Rb1 Bb2 21. Bd2
Rb3 22. Bc3 Rxc3 23. Rxb2 Ba6 24. Rhb1 Bxc4 25. Bxc4 Rxc4 26. Rxb6 Rxe4 27. Rb8
Rxb8 28. Rxb8+ Kg7 29. g3 Rd4 30. Rb7 Rxd5 31. Rxe7 c4 32. Rc7 Rd2+ 33. Ke3 Rxh2
34. Rxc4 f5 35. Kf3 h5 36. Rc7+ Kh6 37. Rc6 h4 38. gxh4 Rxh4 39. Rc8 Rh3+ 40.
Kg2 Ra3 41. Rh8+ Kg7 42. Rb8 Ra4 43. Kf3 Ra7 44. Rb2 Ra3+ 45. Kg2 Kh6 46. Rb8
Kh5 47. Rb6 Kg4 48. Rxg6+ Kxf4 49. Rf6 Kg5 50. Rf8 f4 51. Rg8+ Kf6 52. Rf8+ Ke5
53. Re8+ Kd4 54. Kf2 f3 55. Rd8+ Ke4 56. Re8+ Kf4 57. Rf8+ Ke4 58. Re8+ Kd4 59.
Rd8+ Ke4 60. Re8+ Kf4 61. Rf8+ Ke4 62. Re8+ Kf4 63. Rf8+ Ke4 {Game drawn by
repetition} 1/2-1/2

[Event "Team 45 45 League T74"]
[Site "Internet Chess Club"]
[Date "2017.10.06"]
[Round "4"]
[White "kwen2008"]
[Black "Electryon"]
[Result "0-1"]
[WhiteElo "1590"]
[BlackElo "1498"]
[Opening "Scandinavian (center counter) defense"]
[ECO "B01"]
[Time "22:31:21"]
[TimeControl "2700+45"]

1. e4 d5 2. exd5 Qxd5 3. Nc3 Qd8 4. Nf3 Bf5 5. Bc4 e6 6. O-O Nf6 7. d4 c6 8. Bf4
Nbd7 9. Nh4 Bg6 10. Nxg6 hxg6 11. Qf3 Qa5 12. Rfe1 O-O-O 13. a3 Qh5 14. Qxh5
Nxh5 15. Be3 Bd6 16. Ne4 Bc7 17. g3 Nb6 18. Bb3 Nd5 19. c3 Nhf6 20. Nxf6 gxf6
21. Rad1 Rh3 22. c4 Nxe3 23. Rxe3 Rdh8 24. d5 Rxh2 25. dxe6 Rh1+ 26. Kg2 Rxd1
27. Bxd1 fxe6 28. Rxe6 Be5 29. b3 Rd8 30. Bg4 Kc7 31. Re7+ Kb6 32. f4 Bb2 33. a4
Ba3 34. Rg7 f5 35. Be2 Rd6 36. Re7 Rd2 37. Kf3 Bxe7 {White resigns} 0-1

[Event "Team 45 45 League T74"]
[Site "Internet Chess Club"]
[Date "2017.10.07"]
[Round "4"]
[White "Visin"]
[Black "dinosaurchess"]
[Result "1/2-1/2"]
[WhiteElo "1150"]
[BlackElo "1335"]
[Opening "Giuoco Piano"]
[ECO "C50"]
[Time "10:32:50"]
[TimeControl "2700+45"]

1. e4 e5 2. Nf3 Nc6 3. Bc4 Bc5 4. Nc3 d6 5. h3 Nf6 6. d3 h6 7. a3 a6 8. b4 Ba7
9. Qe2 b5 10. Bb3 Nd4 11. Nxd4 Bxd4 12. Bb2 O-O 13. Rb1 Bb7 14. O-O Re8 15. Qf3
c6 16. Ne2 Bxb2 17. Rxb2 d5 18. c3 Re7 19. Ng3 Bc8 20. Nf5 Bxf5 21. Qxf5 dxe4
22. dxe4 Qd3 23. Rd1 Qxc3 24. Rbb1 Rae8 25. Qf3 Qxf3 26. gxf3 Nh5 27. Rd6 Rc7
28. Kf1 Nf4 29. h4 Kf8 30. Rbd1 Ng6 31. h5 Nf4 32. Rd7 Rxd7 33. Rxd7 Re7 34.
Rd8+ Re8 35. Rd7 Re7 36. Rd8+ Re8 37. Rd7 Re7 38. Rd8+ Re8 39. Rd7 Re7 {Game
drawn by repetition} 1/2-1/2

[Event "Team 45 45 League T74"]
[Site "Internet Chess Club"]
[Date "2017.10.08"]
[Round "4"]
[White "skywise"]
[Black "sdcohle"]
[Result "1-0"]
[WhiteElo "1535"]
[BlackElo "1379"]
[Opening "French: Rubinstein variation"]
[ECO "C03"]
[Time "21:01:52"]
[TimeControl "2700+45"]

1. e4 e6 2. d4 d5 3. Nd2 dxe4 4. Nxe4 Nd7 5. Nf3 Ngf6 6. Bd3 Be7 7. O-O O-O 8.
Re1 b6 9. Bf4 Bb7 10. Qd2 c5 11. dxc5 Nxc5 12. Nxc5 Bxc5 13. Qe2 h6 14. Rad1 Qe8
15. Bb5 Bc6 16. Bxc6 Qxc6 17. Ne5 Qb7 18. Rd2 Rfd8 19. Red1 Be7 20. Qb5 Rxd2 21.
Rxd2 Rd8 22. Rxd8+ Bxd8 23. Nc6 Qd7 24. a4 Be7 25. Nxe7+ Qxe7 26. h3 Qd7 27. Kh2
Qxb5 28. axb5 Nd7 29. Bd6 h5 30. Kg3 g6 31. Kf4 f5 32. Ke3 Kf7 33. Kd4 Ke8 34.
c4 Kd8 35. b4 Kc8 36. c5 bxc5+ 37. bxc5 Nb8 38. Bxb8 Kxb8 39. Ke5 Kc7 40. c6 g5
41. Kxe6 f4 42. Kf5 g4 43. hxg4 f3 44. gxf3 h4 45. Kf4 h3 46. Kg3 h2 47. Kxh2
{Black resigns} 1-0

[Event "Team 45 45 League T74"]
[Site "Internet Chess Club"]
[Date "2017.10.06"]
[Round "4"]
[White "creativechesski"]
[Black "az2112"]
[Result "0-1"]
[WhiteElo "1361"]
[BlackElo "1658"]
[Opening "Ruy Lopez: closed"]
[ECO "C90"]
[Time "21:30:33"]
[TimeControl "2700+45"]

1. e4 e5 2. Nf3 Nc6 3. Bb5 a6 4. Ba4 Nf6 5. O-O Be7 6. Re1 b5 7. Bb3 d6 8. a4
Na5 9. axb5 Nxb3 10. cxb3 Bb7 11. bxa6 Bxe4 12. Nc3 Bd3 13. a7 e4 14. Nd4 Qd7
15. f3 d5 16. Kh1 Bc5 17. Nc2 O-O 18. Ne3 d4 19. Nxe4 Nxe4 20. fxe4 dxe3 21.
dxe3 Bb5 22. Qxd7 Bxd7 23. Rd1 Be6 24. Rd3 Rxa7 25. Rxa7 Bxa7 26. b4 Bb6 27. b3
Ra8 28. Kg1 Kf8 29. Kf2 Ke7 30. Kf3 Ra1 31. Rc3 Rb1 32. Ba3 Rxb3 33. b5+ Kd7 34.
Rxb3 Bxb3 35. Bb2 g6 36. Bd4 Bc4 37. Bxb6 cxb6 38. Kf4 Ke6 39. Kf3 Ke5 40. g4
Bxb5 41. g5 Bd3 42. Kf2 Kxe4 43. h4 b5 44. Ke1 Kxe3 45. Kd1 b4 46. Kc1 b3 47.
Kb2 Bc2 48. Kc3 Kf4 49. Kd2 Kg4 50. h5 Kxh5 51. Kc1 Kxg5 52. Kb2 h5 53. Kc1 h4
54. Kd2 h3 55. Ke2 h2 56. Kd2 h1=Q 57. Kc3 Qh8+ 58. Kd2 Qd4+ 59. Kc1 Qg1+ 60.
Kb2 Qb1+ 61. Kc3 Kf4 62. Kd2 Ke4 63. Kc3 b2 64. Kd2 Kd4 65. Ke2 Qd1+ 66. Kf2 Qd3
67. Ke1 Ke4 68. Kf2 Kf4 69. Kg2 Qe2+ 70. Kh3 Bf5+ 71. Kh4 Qg4# {White
checkmated} 0-1

[Event "Team 45 45 League T74"]
[Site "Internet Chess Club"]
[Date "2017.10.05"]
[Round "4"]
[White "ChessMaine"]
[Black "jadencheung"]
[Result "1-0"]
[WhiteElo "1498"]
[BlackElo "1350"]
[Opening "Queen's pawn game"]
[ECO "A45"]
[Time "21:31:05"]
[TimeControl "2700+45"]

1. d4 Nf6 2. e3 g6 3. Bd3 d5 4. Nd2 Bg7 5. Ngf3 O-O 6. c3 Bg4 7. Qb3 b6 8. Ne5
Be6 9. f4 Nfd7 10. O-O Nxe5 11. fxe5 Nc6 12. Nf3 Na5 13. Qc2 Nc4 14. Ng5 Qd7 15.
Nxe6 Qxe6 16. e4 dxe4 17. Bxe4 Rad8 18. Qa4 f5 19. Bd3 Nxe5 20. Bc2 Nc6 21. Bb3
Rd5 22. Qc4 Rfd8 23. Qa4 b5 24. Bxd5 Qxd5 25. Qc2 b4 26. Bf4 Rd7 27. Qb3 bxc3
28. Qxd5+ Rxd5 29. bxc3 Rd7 30. Rab1 e5 31. dxe5 Nxe5 32. Rb7 Nc6 33. Rc1 Na5
34. Rxa7 Nc4 35. Rxc7 Rxc7 36. Bxc7 Na3 37. Bd6 Nb5 38. Bb4 Kf7 39. a4 Na7 40.
a5 Ke6 41. Bc5 Nc6 42. a6 Kd5 43. a7 Nxa7 44. Bxa7 Kc4 45. Bd4 Bxd4+ 46. cxd4+
Kxd4 47. Re1 h5 48. h4 Kd5 49. Re8 f4 50. Rg8 Ke4 51. Rxg6 {Black resigns} 1-0

[Event "Team 45 45 League T74"]
[Site "Internet Chess Club"]
[Date "2017.10.09"]
[Round "4"]
[White "leoshi"]
[Black "seattleblues"]
[Result "0-1"]
[WhiteElo "1343"]
[BlackElo "1364"]
[Opening "Caro-Kann: advance variation"]
[ECO "B12"]
[Time "21:01:01"]
[TimeControl "2700+45"]

1. e4 c6 2. d4 d5 3. e5 Bf5 4. Nf3 e6 5. Be2 Nd7 6. O-O Ne7 7. Bf4 c5 8. c3 Nc8
9. Nbd2 Be7 10. Rc1 O-O 11. Nb3 c4 12. Nbd2 b5 13. b3 Ncb6 14. Qe1 Ba3 15. Ra1
Bb2 16. Rd1 Bc2 17. Nb1 Bxd1 18. Qxd1 Rc8 19. Qc2 Ba1 20. Nbd2 cxb3 21. Nxb3
Bxc3 22. Qd3 b4 23. Rc1 Na4 24. Qb5 Nb2 25. Rc2 Nc4 26. Bxc4 dxc4 27. Nbd2 Rb8
28. Qa4 Nb6 29. Qxa7 Ra8 30. Qb7 Nd5 31. Be3 Qb8 32. Qxb8 Rfxb8 33. Nxc4 Nxe3
34. Nxe3 Rd8 35. h3 Bxd4 36. Nxd4 Rxd4 37. Rc1 Kf8 38. Rc2 Re4 39. Ng4 h5 40. f3
Re1+ 41. Kf2 Ra1 42. Ne3 R1xa2 43. Rxa2 Rxa2+ 44. Ke1 b3 45. Kd1 b2 46. Kc2 Ra3
47. Nd1 Ra1 48. Nxb2 Rg1 49. g4 hxg4 50. hxg4 Rg2+ 51. Kc3 Rg3 52. Kd4 Rxf3 53.
Ke4 Rf2 54. Nd3 Re2+ 55. Kf3 Rh2 56. Nf4 g5 57. Nh5 Kg8 58. Nf6+ Kg7 59. Kg3 Re2
60. Nd7 Rd2 61. Nf6 Rd3+ 62. Kg2 Re3 63. Nd7 Re4 64. Kf3 Rf4+ 65. Kg3 Rd4 66.
Nf6 Ra4 67. Kf3 Rf4+ 68. Kg3 Rxf6 69. exf6+ Kxf6 70. Kf3 Ke5 71. Ke3 f6 72. Kf3
Kd4 73. Kg3 Ke4 74. Kg2 Kf4 75. Kh3 e5 76. Kg2 Kxg4 77. Kf2 f5 78. Kg2 f4 79.
Kf2 e4 80. Kg2 e3 81. Kf1 f3 82. Ke1 Kg3 83. Kf1 e2+ 84. Ke1 Kg2 85. Kd2 f2 86.
Kxe2 f1=Q+ 87. Ke3 g4 88. Kd2 g3 89. Ke3 Kh3 90. Ke4 g2 91. Kd4 g1=Q+ 92. Kd5
Qf5+ 93. Kc6 Qd1 94. Kc7 Qf6 95. Kb7 Qd7+ 96. Ka8 Qf8# {White checkmated} 0-1

[Event "Team 45 45 League T74"]
[Site "Internet Chess Club"]
[Date "2017.10.07"]
[Round "4"]
[White "Conjurer"]
[Black "Newbao"]
[Result "1-0"]
[WhiteElo "1249"]
[BlackElo "1256"]
[Opening "Queen's pawn: London system"]
[ECO "A45"]
[Time "12:01:01"]
[TimeControl "2700+45"]

1. d4 Nf6 2. Bf4 g6 3. e3 Bg7 4. c4 e6 5. Nf3 d5 6. h3 O-O 7. Nc3 Nc6 8. a3 b6
9. Bd3 dxc4 10. Bxc4 Bb7 11. Nb5 Rc8 12. Rc1 a6 13. Nc3 b5 14. Ba2 Re8 15. O-O
Nd7 16. b4 e5 17. Bg5 Ne7 18. d5 h6 19. Bh4 Nf5 20. Bxd8 Rexd8 21. e4 Nd6 22.
Qe2 c6 23. Rc2 Rc7 24. Rd1 Nf6 25. Nxe5 Re8 26. Nxc6 Bxc6 27. dxc6 Rxc6 28. f3
Rec8 29. Rdc1 Nd7 30. Nd5 Rxc2 31. Rxc2 Re8 32. Nc7 Re7 33. Nxa6 Nb6 34. Rc6
Nbc4 35. a4 Bd4+ 36. Kh1 Re6 37. axb5 Ne5 38. Bxe6 Nxc6 39. bxc6 fxe6 40. Qd3
Be5 41. Nc5 Kf7 42. Qb3 Kg7 43. Qxe6 Bf4 44. Qe7+ Kg8 45. Ne6 Be5 46. Qf8+ Kh7
47. f4 Ba1 48. Qxd6 Bb2 49. c7 h5 50. c8=Q Ba1 51. Ng5+ Kh6 52. Qcf8+ Bg7 53.
Qxg7+ Kxg7 54. b5 Kh6 55. b6 Kg7 56. b7 Kg8 57. b8=Q+ Kg7 58. Qbf8# {Black
checkmated} 1-0

[Event "Team 45 45 League T74"]
[Site "Internet Chess Club"]
[Date "2017.10.07"]
[Round "4"]
[White "ivanson"]
[Black "calsal"]
[Result "0-1"]
[WhiteElo "1741"]
[BlackElo "1672"]
[Opening "Ruy Lopez: open, Riga variation"]
[ECO "C80"]
[Time "17:15:41"]
[TimeControl "2700+45"]

1. e4 e5 2. Nf3 Nc6 3. Bb5 a6 4. Ba4 Nf6 5. O-O Nxe4 6. d4 exd4 7. Re1 d5 8.
Nxd4 Bd6 9. Nxc6 Bxh2+ 10. Kf1 Qh4 11. Nd4+ b5 12. Be3 O-O 13. Nf3 Qh5 14. Bb3
Bg4 15. Qxd5 Bxf3 16. gxf3 Qxf3 17. Nd2 Ng3# {White checkmated} 0-1

[Event "Team 45 45 League T74"]
[Site "Internet Chess Club"]
[Date "2017.10.09"]
[Round "4"]
[White "Chess4Him"]
[Black "QuieroAprender"]
[Result "0-1"]
[WhiteElo "1547"]
[BlackElo "1630"]
[Opening "King's Indian: London system"]
[ECO "A45"]
[Time "20:31:22"]
[TimeControl "2700+45"]

1. d4 Nf6 2. Bf4 g6 3. Nf3 d6 4. e3 Bg7 5. Be2 O-O 6. Nbd2 Nh5 7. Bg3 Nxg3 8.
hxg3 c5 9. c3 b6 10. d5 e5 11. e4 f5 12. Bd3 Bb7 13. Qc2 f4 14. gxf4 Rxf4 15. g3
Rf7 16. O-O-O a6 17. Rdf1 b5 18. Rh2 c4 19. Be2 Nd7 20. Rfh1 Bf6 21. g4 Nc5 22.
Kb1 a5 23. Nh4 Bxh4 24. Rxh4 Ra7 25. Nf3 Bc8 26. R1h2 Rf4 27. g5 Raf7 28. Rxf4
Rxf4 29. Bd1 Nxe4 30. Rg2 Bf5 31. Ka1 Nxg5 32. Qd2 Nxf3 33. Bxf3 Rxf3 34. Qe2
Qh4 35. Qe1 Rh3 36. Rg1 Qe4 37. Qf1 Qxd5 38. a3 Qd3 39. Qc1 Rh5 40. Rg3 Qe4 41.
Ka2 Rh1 42. Rg1 Qb1+ 43. Qxb1 Bxb1+ 44. Rxb1 Rxb1 45. Kxb1 h5 46. Kc1 h4 47. Kd1
h3 48. Ke1 h2 {White resigns} 0-1